 Dungeon Crawl Stone Soup version 0.29.1-12-g30fa7ad0bf (webtiles) character file.

Game seed: 15639541741129118427

0 pix2112 the Digger (level 1, 0/10 HPs)
             Began as a Gargoyle Earth Elementalist on Dec 14, 2022.
             Slain by a rat (1 damage)
             ... on level 1 of the Dungeon.
             The game lasted 00:01:20 (28 turns).

pix2112 the Digger (Gargoyle Earth Elementalist)      Turns: 28, Time: 00:01:24

Health: 0/10       AC:  4    Str: 11    XL:     1   Next: 0%
Magic:  1/3        EV: 11    Int: 15    God:
Gold:   0          SH:  0    Dex: 10    Spells: 3/4 levels left

rFire   . . .      SeeInvis .   (no weapon)
rCold   . . .      Faith    .   (no shield)
rNeg    + . .      Spirit   .   a - +0 robe
rPois   ∞          Reflect  .   (no helmet)
rElec   +          Harm     .   (no cloak)
rCorr   .          Rampage  .   (no gloves)
Will    .....                   (no boots)
Stlth   ++........              (no amulet)
HPRegen 0.03/turn               (no ring)
MPRegen 0.08/turn               (no ring)

@: no status effects
A: sickness immunity, AC +2, negative energy resistance 1, electricity
resistance, torment resistance 1, petrification resistance
a: no special abilities


You were on level 1 of the Dungeon.
You visited 1 branch of the dungeon, and saw 1 of its levels.

Inventory:

Armour
 a - a +0 robe (worn)
Potions
 b - a potion of magic
 c - a potion of haste {unknown}
 d - a potion of ambrosia {unknown}


   Skills:
 + Level 1.5 Dodging
 + Level 2.1 Stealth
 + Level 2.0 Spellcasting
 + Level 0.7 Transmutations
 * Level 3.6 Earth Magic


You had 3 spell levels left.
You knew the following spells:

 Your Spells              Type           Power      Damage    Failure   Level
a - Sandblast             Erth           24%        2d8       4%          1

Your spell library contained the following spells:

 Spells                   Type           Power      Damage    Failure   Level
 Passwall                 Tmut/Erth      6%         N/A       14%         2
 Stone Arrow              Conj/Erth      12%        3d7       32%         3
 Petrify                  Tmut/Erth      8%         N/A       65%         4


Dungeon Overview and Level Annotations

Branches:
Dungeon (1/15)

Altars:


Innate Abilities, Weirdness & Mutations

You are immune to sickness and miasma.
Your stone body is resilient. (AC +2)
You are immune to poison.
You resist negative energy. (rN+)
You are resistant to electric shocks. (rElec)
You are resistant to unholy torment.
You are immune to petrification.


Message History

Found a staircase leading out of the dungeon.
c - a purple potion You open the door.
There is an open door here.
d - a golden potion An endoplasm and a rat come into view.
The endoplasm quivers.
The endoplasm jiggles.
The endoplasm freezes you.
You are frozen.
The rat barely misses you. The endoplasm freezes you.
You are frozen.
* * * LOW HITPOINT WARNING * * *
The rat bites you but does no damage. The rat attacks as you move away!
The rat closely misses you. The rat attacks as you move away!
The rat bites you.
* * * LOW HITPOINT WARNING * * *
The endoplasm jiggles.
Casting: Sandblast (safe; 4% risk of failure)
Confirm with . or Enter, or press ? or * to list all spells.
You don't know that spell.
Sorry, you're not good enough to have a special ability.
Casting: Sandblast (safe; 4% risk of failure)
Confirm with . or Enter, or press ? or * to list all spells.
Aiming: Sandblast (safe; 4% risk of failure)
Press: ? - help, Shift-Dir - straight line, f - endoplasm
Aim: an endoplasm (98% to hit)
The blast of sand hits the endoplasm.
The endoplasm is almost dead.
The rat barely misses you. The endoplasm misses you.
Casting: Sandblast (safe; 4% risk of failure)
Confirm with . or Enter, or press ? or * to list all spells.
Aiming: Sandblast (safe; 4% risk of failure)
Press: ? - help, Shift-Dir - straight line, f/p - endoplasm
Aim: an endoplasm (almost dead, 98% to hit)
The blast of sand hits the endoplasm!
You kill the endoplasm!
The rat bites you.
You die...

#.####.##
###.......#
..........# #
..#.......#.#
#.......#.#
####.........#
...........###
........r..#
#.......@..#
############


You could see a rat.

Vanquished Creatures
  An endoplasm (D:1)
1 creature vanquished.

Notes
Turn   | Place    | Note
-------+----------+-------------------------------------------
     0 | D:1      | pix2112 the Gargoyle Earth Elementalist began the quest for
                  | the Orb.
     0 | D:1      | Reached XP level 1. HP: 10/10 MP: 3/3
    28 | D:1      | Slain by a rat

Illustrated notes

Levels and vault maps discovered:
D:1:      elethiomel_arrival_quiet, layout_basic, minmay_octomino_c4

Action                   || total
-------------------------++-------
 Cast: Sandblast         ||     2
Armor: Robe              ||     1
Dodge: Dodged            ||     4
